 Dungeon Crawl Stone Soup version 0.30.0-10-gfe55d96785 (webtiles) character file.

Game seed: 17275796203629324911

93 hikkokomori the Conjurer (level 4, -2/25 HPs)
             Began as a Deep Elf Conjurer on May 16, 2023.
             Slain by a gnoll
             ... wielding a +0 club
              (3 damage)
             ... on level 3 of the Dungeon.
             The game lasted 00:02:29 (1940 turns).

hikkokomori the Conjurer (Deep Elf Conjurer)        Turns: 1940, Time: 00:02:29

Health: -2/25      AC:  2    Str:  4    XL:     4   Next: 36%
Magic:  5/12       EV: 12    Int: 25    God:
Gold:   143        SH:  0    Dex: 13    Spells: 8/11 levels left

rFire   . . .        j - +1 dagger (speed)
rCold   . . .        (no shield)
rNeg    . . .        a - +0 robe
rPois   .            (no helmet)
rElec   .            (no cloak)
rCorr   .            (no gloves)
SInv    .            (no boots)
Will    .....        (no amulet)
Stlth   ++           (no ring)
HPRegen 0.24/turn    (no ring)
MPRegen 0.13/turn

%: no passive effects
@: no status effects
A: no striking features
a: no special abilities


You were on level 3 of the Dungeon.
You visited 1 branch of the dungeon, and saw 3 of its levels.

You collected 143 gold pieces.

Inventory:

Hand Weapons
 c - a +0 dagger of speed
 j - a +1 dagger of speed (weapon)
Missiles
 o - 5 atropa-tipped darts
Armour
 a - a +0 robe (worn)
 q - a +0 helmet
Jewellery
 l - a ring of positive energy
Scrolls
 d - a scroll of teleportation {unknown}
 e - a scroll of magic mapping {unknown}
 g - a scroll of amnesia {unknown}
 h - 4 scrolls of identify {unknown}
 m - 2 scrolls of fog {unknown}
Potions
 b - a potion of magic
 f - 2 potions of heal wounds {unknown}
 i - a potion of berserk rage {unknown}
 k - a potion of haste {unknown}
 n - a potion of resistance {unknown}
 p - a potion of curing {unknown}


   Skills:
 + Level 1.3 Fighting
 - Level 2.4 Dodging
 + Level 3.6 Stealth
 + Level 4.1 Spellcasting
 + Level 5.0 Conjurations


You had 8 spell levels left.
You knew the following spells:

 Your Spells              Type           Power      Damage    Failure   Level
a - Magic Dart            Conj           100%       1d8       1%          1
b - Searing Ray           Conj           60%        2d6       1%          2

Your spell library contained the following spells:

 Spells                   Type           Power      Damage    Failure   Level
 Dazzling Flash           Conj/Hex       34%        N/A       10%         3
 Cigotuvi's Dreadful Rot  Necr/Pois/Air  10%        N/A       14%         2
 Ignite Poison            Fire/Tmut/Pois 5%         N/A       26%         3
 Fulminant Prism          Conj/Hex       8%         3d7       32%         4
 Iskenderun's Mystic Bla  Conj/Tloc      17%        2d5       32%         4
 Freezing Cloud           Conj/Ice/Air   6%         6-21      77%         5


Dungeon Overview and Level Annotations

Branches:
Dungeon (3/15)

Altars:
Ru


Message History

You can't see any susceptible monsters within range! (Use Z to cast anyway.)
The magic dart hits the gnoll.
The gnoll is lightly wounded.
The gnoll shouts!
You hear a shout! x2
A gnoll comes into view. It is wielding a +0 club.
Casting: Magic Dart (safe; 1% risk of failure)
Confirm with . or Enter, or press ? or * to list all spells.
Aiming: Searing Ray (safe; 1% risk of failure)
Press: ? - help, Shift-Dir - straight line, f/p - gnoll
Aim: a gnoll, wielding a +0 halberd (lightly wounded, 82% to hit)
The searing ray misses the gnoll. (Press . to maintain the ray.)
The gnoll hits you from afar with a +0 halberd!
Ouch! That really hurt!
A gnoll comes into view. It is wielding a +0 flail.
Unknown command.
Casting: Searing Ray (safe; 1% risk of failure)
Confirm with . or Enter, or press ? or * to list all spells.
Restarting spell: Searing Ray (safe; 1% risk of failure)
Press: ? - help, Shift-Dir - straight line, f - gnoll, p - gnoll
Aim: a gnoll, wielding a +0 flail (82% to hit)
The searing ray hits the gnoll!
The gnoll is almost dead.
The searing ray hits the gnoll.
The gnoll is moderately wounded. (Press . to maintain the ray.)
The gnoll barely misses you. The gnoll misses you.
Unknown command.
Casting: Searing Ray (safe; 1% risk of failure)
Confirm with . or Enter, or press ? or * to list all spells.
Restarting spell: Searing Ray (safe; 1% risk of failure)
Press: ? - help, Shift-Dir - straight line, f/p - gnoll
Aim: a gnoll, wielding a +0 flail (moderately wounded, 82% to hit)
The searing ray misses the gnoll.
The searing ray hits the gnoll!
You kill the gnoll! (Press . to maintain the ray.)
The gnoll hits you from afar with a +0 halberd!
* * * LOW HITPOINT WARNING * * *
The gnoll hits you with a +0 club.
You die...

### ... ### #.## ##.##
##8.8# ##(#.###)...
##.###.#.g# #########)##
##...# #.......†## ##@##
..........## ##g##
........).)###.#####
..########.†#......# ..#
#)#.#.###g#.### ..#
#.....g..g.g.).
..################)..###
.......... ..g).
..######## ###g


You could see 2 gnolls.

Vanquished Creatures
  Robin (D:3)
  A gnoll (D:3)
  2 adders
  A worm (D:2)
  A dart slug (D:2)
  A ball python (D:1)
  7 bats
  4 endoplasms
  3 giant cockroaches
  11 goblins
  11 hobgoblins
  4 kobolds
  4 frilled lizards
  3 rats
54 creatures vanquished.

Notes
Turn   | Place    | Note
-------+----------+-------------------------------------------
     0 | D:1      | hikkokomori the Deep Elf Conjurer began the quest for the
                  | Orb.
     0 | D:1      | Reached XP level 1. HP: 10/10 MP: 6/6
    77 | D:1      | Reached XP level 2. HP: 16/16 MP: 2/8
   129 | D:1      | Learned a level 2 spell: Searing Ray
   591 | D:1      | Found a faded altar of an unknown god.
   715 | D:1      | Reached XP level 3. HP: 20/20 MP: 8/10
   927 | D:2      | Found a sacrificial altar of Ru.
  1235 | D:2      | Reached skill level 1 in Fighting
  1685 | D:3      | Reached XP level 4. HP: 25/25 MP: 8/11
  1810 | D:3      | Reached skill level 5 in Conjurations
  1810 | D:3      | Noticed Robin
  1830 | D:3      | Killed Robin
  1940 | D:3      | HP: 1/25 [gnoll/+0 halberd (10)]
  1940 | D:3      | Slain by a gnoll

Illustrated notes

Levels and vault maps discovered:
D:1:      eino_arrival_tree_alley, layout_rooms,
          shapermc_ecumenical_altar_ellora, minmay_nonomino_d4
D:2:      layout_rooms, basic_altar, nrook_campfire
D:3:      layout_loops_ring, small_statue_intersection, grunt_ministairs_5,
          minmay_misc_feat_diagonals, chequers_arboretum, minmay_crystal_water,
          uniq_robin, uniq_terence

Skill      XL: |  1  2  3  4 |
---------------+-------------+-----
Stealth        | 3 |  3.6
Fighting       | 1 |  1.3
Conjurations   | 5 |  5.0
Spellcasting   | 4 |  4.1
Dodging        | |  2.4

Action                     |  1- 3 |  4- 6 || total
---------------------------+-------+-------++-------
  Melee: Dagger            |     4 |     5 ||     9
   Cast: Magic Dart        |    67 |     8 ||    75
         Searing Ray       |       |     5 ||     5
   Stab: Distracted        |     2 |       ||     2
 Armour: Robe              |       |     1 ||     1
  Dodge: Dodged            |     2 |     4 ||     6
